 Dungeon Crawl Stone Soup version 0.28-a0-932-g843f935a50 (webtiles) character file.

Game seed: 10217728608549314142

44175 Conn the Thaumaturge (level 14, -7/83 HPs)
             Began as an Octopode Fire Elementalist on Nov 27, 2021.
             Was a High Priest of Sif Muna.
             Mangled by a rockslime (33 damage)
             ... on level 6 of the Lair of Beasts on Nov 28, 2021.
             The game lasted 01:04:01 (18037 turns).

Conn the Thaumaturge (Octopode Fire Elementalist)  Turns: 18037, Time: 01:04:02

Health: -7/83      AC:  1    Str:  7    XL:     14   Next: 27%
Magic:  20/39      EV: 16    Int: 29    God:    Sif Muna [*****.]
Gold:   1541       SH:  6    Dex: 22    Spells: 8/37 levels left

rFire   + . .      SeeInvis .   b - +2 dagger (protect)
rCold   + + .      Faith    .   G - +0 buckler
rNeg    . . .      Spirit   .   (helmet restricted)
rPois   +          Reflect  .   v - amulet of magic regeneration
rElec   .          Harm     .   f - ring of protection from fire
rCorr   +          Rampage  .   h - +4 ring of slaying
Will    +....                   t - +6 ring of intelligence
Stlth   ++++++....              j - ring "Micank" {Fly rPois rF+ MP+9 Dex+4}
HPRegen 0.23/turn               k - +6 ring of dexterity
MPRegen 0.66/turn               D - ring of resist corrosion
                                B - ring of protection from cold
                                y - ring of ice

@: flying, hasted, very quick
A: almost no armour, amphibious, 8 rings, camouflage 1, gelatinous body 1,
(nimble swimmer 1), tentacles
a: Renounce Religion, Channel Magic, Forget Spell, Divine Exegesis


You were on level 6 of the Lair of Beasts.
You worshipped Sif Muna.
Sif Muna was extremely pleased with you.
You visited 3 branches of the dungeon, and saw 15 of its levels.

You collected 1756 gold pieces.
You spent 215 gold pieces at shops.

Inventory:

Hand Weapons
 a - a +0 dagger
 b - a +2 dagger of protection (weapon)
 p - a +3 dagger of flaming
Missiles
 u - 2 curare-tipped darts (quivered)
Armour
 G - a +0 buckler (worn)
Jewellery
 e - a ring of protection from cold
 f - a ring of protection from fire (left tentacle)
 h - a +4 ring of slaying (right tentacle)
 j - the ring "Micank" (on tentacle) {Fly rPois rF+ MP+9 Dex+4}
   (You acquired it on level 6 of the Dungeon)

   [ring of flight]

   Dex:       It affects your dexterity (+4).
   rF:        It protects you from fire.
   rPois:     It protects you from poison.
   MP:        It affects your magic capacity (+9).
   Fly:       It grants you flight.
 k - a +6 ring of dexterity (on tentacle)
 t - a +6 ring of intelligence (on tentacle)
 v - an amulet of magic regeneration (around mantle)
 y - a ring of ice (on tentacle)
 B - a ring of protection from cold (on tentacle)
 D - a ring of resist corrosion (on tentacle)
 E - a ring of flight
Wands
 d - a wand of polymorph (17)
 A - a wand of flame (28)
Scrolls
 g - 2 scrolls of teleportation
 i - 3 scrolls of magic mapping
 l - 2 scrolls of amnesia
 C - 2 scrolls of brand weapon {unknown}
Potions
 c - 2 potions of berserk rage
 n - a potion of lignification
 r - 3 potions of resistance
 s - 2 potions of heal wounds
 w - 3 potions of curing
 x - a potion of attraction
 z - a potion of haste
 F - 5 potions of ambrosia


   Skills:
 + Level 3.4 Fighting
 + Level 4.0 Short Blades
 + Level 0.1 Throwing
 + Level 4.9 Dodging
 + Level 9.0 Stealth
 * Level 5.4 Shields
 + Level 12.2 Spellcasting
 + Level 11.1 Conjurations
 + Level 3.8 Hexes
 + Level 11.2 Fire Magic
 * Level 3.0 Ice Magic
 + Level 5.3 Air Magic
 - Level 6.0 Invocations


You had 8 spell levels left.
You knew the following spells:

 Your Spells              Type           Power      Damage    Failure   Level
a - Foxfire               Conj/Fire      100%       2x1d9     1%          1
b - Conjure Flame         Conj/Fire      70%        6-21      1%          3
c - Inner Flame           Hex/Fire       57%        N/A       1%          3
d - Flame Wave            Conj/Fire      70%        3d12      1%          4
e - Scorch                Fire           100%       2d10      1%          2
f - Passwall              Tmut/Erth      14%        N/A       4%          2
g - Airstrike             Air            24%        N/A       3%          4
h - Swiftness             Air            48%        N/A       1%          3
i - Hailstorm             Conj/Ice       73%        3d15      1%          4
j - Ozocubu's Armour      Ice            51%        N/A       2%          3

Your spell library contained the following spells:

 Spells                   Type           Power      Damage    Failure   Level
 Shock                    Conj/Air       100%       1d9       1%          1
 Slow                     Hex            100%       N/A       1%          1
 Static Discharge         Conj/Air       60%        N/A       1%          2
 Confusing Touch          Hex            40%        N/A       1%          3
 Animate Skeleton         Necr           34%        N/A       3%          1
 Pain                     Necr           68%        1d7       3%          1
 Freezing Cloud           Conj/Ice/Air   35%        6-21      6%          5
 Vampiric Draining        Necr           17%        2d7       9%          3
 Ice Form                 Ice/Tmut       39%        N/A       16%         4
 Conjure Ball Lightning   Conj/Air       30%        3x3d10    16%         6
 Yara's Violent Unravell  Hex/Tmut       14%        3d7       36%         5
 Alistair's Intoxication  Tmut/Pois      11%        N/A       63%         5
 Summon Forest            Summ/Tloc      8%         N/A       63%         5
 Simulacrum               Ice/Necr       19%        N/A       94%         6
 Eringya's Noxious Bog    Tmut/Pois      8%         N/A       99%         6
 Ozocubu's Refrigeration  Ice            25%        4d10      100%        7
 Summon Hydra             Summ           8%         N/A       100%        7
 Maxwell's Capacitive Co  Air            24%        ∞         100%        8
 Chain Lightning          Conj/Air       30%        3d40      100%        9


Dungeon Overview and Level Annotations

Branches:
Dungeon (8/15)             Temple (1/1) D:4            Lair (6/6) D:8
  Swamp (0/4) Lair:4        Snake (0/4) Lair:3
  Slime: Lair:5-6

Altars:
Fedhas
Qazlal
Ru
Sif Muna
Uskayaw
Yredelemnul

Shops:
D:2 [   D:6 !   D:7 ?

Annotations:
Lair:3 3 runed translucent doors, Tevar's ghost, journeyman TrAK; kuniqs's ghost, journeyman TrFi
Lair:5 2 transporters, wpisznazwe's ghost, journeyman DsFi


Innate Abilities, Weirdness & Mutations

You cannot wear most types of armour.
You are amphibious.
You can wear up to eight rings at the same time.
Your skin changes colour to match your surroundings (Stealth+).
Your rubbery body absorbs attacks. (AC +1, EV +1)
((You are camouflaged near water. (Stealth+)))
You have tentacles for arms and can constrict up to eight enemies at once.


Message History

Casting: Flame Wave (safe; 1% risk of failure)
Confirm with . or Enter, or press ? or * to list all spells.
Casting: Flame Wave (safe; 1% risk of failure)
Press: ? - help, Dir - look around, f - activate A wave of flame ripples out!
The flame wave engulfs the polar bear!!
You kill the polar bear!
Sif Muna accepts your kill. (Press . to intensify the flame waves.)
The polar bear goes berserk!
A wave of flame ripples out!
The flame wave engulfs the rockslime but does no damage.
You hear a howl!
Unknown command.
A wave of flame ripples out!
The flame wave engulfs the rockslime.
The rockslime resists.
The rockslime is lightly wounded.
The flame wave engulfs the rockslime.
The rockslime completely resists.
The flame wave engulfs the rime drake!
You kill the rime drake!
Sif Muna accepts your kill. x2
You feel a bit more experienced.
You finish channelling waves of flame.
You hear an angry growl.
The rockslime misses you.
Your Ice Magic skill increases to level 3!
Press: ? - help, v - describe, . - travel
Here: a rockslime The floor.
Unknown command.
Unknown command.
Unknown command.
Unknown command.
Press: ? - help, v - describe, . - travel
Here: a rockslime (lightly wounded)
The floor.
Unknown command.
You feel yourself speed up. The rockslime hits you!!
You hold your ground!
The rockslime hits you!!
You hold your ground!
A dream sheep comes into view.
The rockslime barely misses you. The rockslime hits you!!
You die...

#.......... ......
#........... ......
.########..........
......
#..................
......
........#..........
......
#..................
.....
...................
....
........#.J........
....
♣♣♣♣....J.J@.#.#. .
♣.....i####. ♣
♣...)#†## ♣♣.§)°i†#
♣...§°..).♣
♣♣.°°°§.....♣
♣.Y).°§.)..♣♣
..♣♣♣.°§i.i.♣ .
...♣.Y.♣..


You could see 2 rockslimes, 2 spriggans, a dream sheep and an endoplasm.

Vanquished Creatures
  6 hydras
  4 death yaks (Lair:2)
  Urug (Lair:4)
  3 manticores (Lair:4)
  3 elephants (Lair:2)
  A black mamba (Lair:6)
  A torpor snail (Lair:4)
  Maggie (Lair:1)
  6 rime drakes
  12 cane toads
  4 komodo dragons
  3 meliai (Lair:4)
  4 polar bears
  A queen bee (Lair:4)
  3 hornets (Lair:6)
  5 slime creatures
  4 dream sheep (Lair:6)
  22 blink frogs
  5 wyverns
  10 spriggans
  61 yaks
  3 basilisks
  A steam dragon (Lair:4)
  The ghost of anet the Conjurer, an amateur HOCj of Beogh (D:3)
  2 swamp worms (Lair:4)
  2 wargs (D:8)
  16 water moccasins
  An ice beast (D:8)
  3 orc warriors
  4 black bears
  A necrophage (D:6)
  A sky beast (D:7)
  An ogre (D:6)
  A boggart (Lair:6)
  27 wolves
  A kobold brigand (D:7)
  10 bullfrogs
  2 scorpions
  A wyvern skeleton (D:7)
  36 killer bees (Lair:4)
  A water moccasin skeleton (D:4)
  3 wights (D:7)
  2 electric eels (Lair:2)
  A centaur zombie (D:6)
  3 hounds
  4 jellies
  3 quasits (D:3)
  4 orc priests
  A gnoll shaman (D:8)
  A centaur skeleton (D:5)
  5 iguanas
  6 orc wizards
  A killer bee zombie (D:5)
  2 howler monkey zombies
  9 gnolls
  5 adders
  A white imp (D:5)
  4 worms
  The ghost of paps the Sneak, a weakling OpDe (D:5)
  8 dart slugs
  16 orcs
  8 bats
  7 endoplasms
  5 giant cockroaches
  4 goblins
  3 hobgoblins
  8 jackals
  14 kobolds
  2 quokkas
  5 ball pythons
  3 frilled lizards
  3 rats
  A bush (Lair:6)
418 creatures vanquished.

Vanquished Creatures (collateral kills)
  A wyvern (D:8)
  An orc (D:8)
  8 foxfires
10 creatures vanquished.

Vanquished Creatures (others)
  1182 foxfires
  29 fungi
  40 plants
1251 creatures vanquished.

Grand Total: 1679 creatures vanquished

Notes
Turn   | Place    | Note
-------+----------+-------------------------------------------
     0 | D:1      | Conn the Octopode Fire Elementalist began the quest for the
                  | Orb.
     0 | D:1      | Reached XP level 1. HP: 11/11 MP: 3/3
   269 | D:1      | Reached XP level 2. HP: 17/17 MP: 1/5
   674 | D:1      | Found a faded altar of an unknown god.
   858 | D:1      | Reached XP level 3. HP: 19/21 MP: 6/6
  1045 | D:1      | Learned a level 3 spell: Conjure Flame
  1508 | D:2      | Reached XP level 4. HP: 27/27 MP: 0/8
  1847 | D:2      | Found Iteveiriec's Antique Armour Boutique.
  1929 | D:2      | Reached XP level 5. HP: 31/31 MP: 4/9
  2086 | D:2      | Found a basalt altar of Yredelemnul.
  2225 | D:3      | Learned a level 3 spell: Inner Flame
  2232 | D:3      | Found a transporter.
  2232 | D:3      | Noticed anet's ghost (amateur HOCj)
  2791 | D:3      | Found a transporter.
  2953 | D:4      | Found a staircase to the Ecumenical Temple.
  2967 | Temple   | Entered the Ecumenical Temple
  2973 | Temple   | Became a worshipper of Sif Muna the Loreminder
  3030 | D:4      | Reached skill level 3 in Spellcasting
  3123 | D:4      | Reached skill level 1 in Short Blades
  3123 | D:4      | Reached XP level 6. HP: 36/36 MP: 3/10
  3605 | D:4      | Identified the +6 ring mail of the Nexus {rElec rPois rN+}
  3779 | D:5      | Entered Level 5 of the Dungeon
  3798 | D:5      | Reached skill level 5 in Stealth
  4048 | D:5      | Found a transporter.
  4055 | D:5      | Noticed paps's ghost (weakling OpDe)
  4114 | D:5      | Found a transporter.
  4725 | D:6      | Reached XP level 7. HP: 42/42 MP: 2/12
  5177 | D:6      | Found Xammunn's Distillery.
  5190 | D:6      | Bought 2 potions of heal wounds for 140 gold pieces
  5287 | D:6      | Reached skill level 1 in Fighting
  5287 | D:6      | Reached skill level 4 in Spellcasting
  5416 | D:6      | Reached skill level 1 in Hexes
  5545 | D:6      | Reached * piety under Sif Muna
  5546 | D:6      | Reached skill level 5 in Fire Magic
  5546 | D:6      | Reached XP level 8. HP: 48/48 MP: 6/14
  5727 | D:5      | Learned a level 4 spell: Flame Wave
  5730 | D:5      | Learned a level 2 spell: Scorch
  5733 | D:5      | Learned a level 2 spell: Passwall
  6249 | D:6      | Reached skill level 5 in Spellcasting
  6615 | D:6      | Acquired a +6 ring of intelligence
  6618 | D:6      | Acquired the ring "Micank" {Fly rPois rF+ MP+9 Dex+4}
  6722 | D:6      | Bought a potion of lignification for 42 gold pieces
  6734 | D:7      | Found a stormy altar of Qazlal.
  6747 | D:7      | Reached skill level 1 in Invocations
  7107 | D:7      | Reached XP level 9. HP: 53/53 MP: 17/17
  7197 | D:7      | Reached skill level 5 in Conjurations
  7243 | D:7      | Found Irog's Magic Scroll Boutique.
  7248 | D:7      | Bought a scroll of teleportation for 33 gold pieces
  7715 | D:3      | Reached skill level 6 in Spellcasting
  7718 | D:3      | Killed anet's ghost
  8015 | D:5      | Killed paps's ghost
  8016 | D:5      | Reached ** piety under Sif Muna
  8479 | D:8      | Reached skill level 7 in Spellcasting
  8534 | D:8      | Reached XP level 10. HP: 48/59 MP: 20/20
  8819 | D:8      | Found a staircase to the Lair.
  9044 | D:8      | Noticed an obsidian statue
  9055 | D:8      | Noticed a smoke demon
  9342 | D:8      | Learned a level 4 spell: Airstrike
  9346 | D:8      | Learned a level 3 spell: Swiftness
  9375 | Lair:1   | Entered Level 1 of the Lair of Beasts
  9918 | Lair:1   | Reached skill level 8 in Spellcasting
  9937 | Lair:1   | Noticed Maggie
 10148 | Lair:1   | Killed Maggie
 10149 | Lair:1   | Reached skill level 1 in Air Magic
 10277 | Lair:1   | Identified the +0 ring mail of Shadows and Fog {Will+
                  | Int+6}
 10539 | Lair:2   | Reached *** piety under Sif Muna
 10622 | Lair:2   | Reached skill level 9 in Spellcasting
 10626 | Lair:2   | Reached XP level 11. HP: 63/63 MP: 24/24
 10629 | Lair:2   | Reached skill level 5 in Invocations
 10880 | Lair:2   | Noticed a six-headed hydra
 10895 | Lair:2   | Killed a six-headed hydra
 11032 | Lair:2   | Noticed a death yak
 11037 | Lair:2   | Noticed a death yak
 11041 | Lair:2   | Noticed a death yak
 11042 | Lair:2   | Killed a death yak
 11047 | Lair:2   | Noticed a death yak
 11487 | Lair:2   | Killed a death yak
 11497 | Lair:2   | Killed a death yak
 11497 | Lair:2   | Killed a death yak
 11498 | Lair:2   | Reached skill level 10 in Spellcasting
 12227 | Lair:3   | Found a staircase to the Snake Pit.
 12471 | Lair:3   | Found a runed translucent gate.
 12475 | Lair:3   | Found a runed translucent gate.
 12476 | Lair:3   | Found a runed translucent gate.
 12479 | Lair:3   | Noticed kuniqs's ghost (journeyman TrFi)
 12479 | Lair:3   | Noticed Tevar's ghost (journeyman TrAK)
 12545 | Lair:3   | Reached XP level 12. HP: 70/70 MP: 26/26
 12553 | Lair:3   | Reached skill level 5 in Air Magic
 13222 | Lair:4   | Noticed Urug
 13227 | Lair:4   | Killed Urug
 13406 | Lair:4   | Reached **** piety under Sif Muna
 13881 | Lair:4   | Noticed a four-headed hydra
 13890 | Lair:4   | Killed a four-headed hydra
 13906 | Lair:4   | Reached skill level 10 in Conjurations
 13907 | Lair:4   | Reached ***** piety under Sif Muna
 13909 | Lair:4   | Reached skill level 11 in Spellcasting
 13909 | Lair:4   | Received a gift from Sif Muna
 13911 | Lair:4   | Reached XP level 13. HP: 27/76 MP: 10/28
 13923 | Lair:4   | Reached skill level 1 in Shields
 14251 | Lair:5   | Reached skill level 10 in Fire Magic
 14515 | Lair:5   | Found a transporter.
 14760 | Lair:5   | Found a transporter.
 14783 | Lair:5   | Noticed wpisznazwe's ghost (journeyman DsFi)
 14853 | Lair:4   | Found a staircase to the Swamp.
 15109 | Lair:4   | Learned a level 4 spell: Hailstorm
 15333 | Lair:4   | Got Sif Muna's Incunabulum of Scorching Flight {god gift}
 15350 | Lair:4   | Learned a level 3 spell: Ozocubu's Armour
 16514 | Lair:4   | Reached skill level 1 in Ice Magic
 17129 | Lair:5   | Received a gift from Sif Muna
 17144 | Lair:5   | Got Sif Muna's Catalogue of Mutagenic Snow {god gift}
 17282 | Lair:6   | Entered Level 6 of the Lair of Beasts
 17313 | Lair:6   | Reached skill level 12 in Spellcasting
 17335 | Lair:6   | Reached XP level 14. HP: 72/83 MP: 9/30
 17752 | Lair:6   | Acquired 1056 gold pieces
 17799 | Lair:6   | Reached skill level 5 in Shields
 18028 | Lair:6   | Noticed a rockslime
 18030 | Lair:6   | Noticed a rockslime
 18037 | Lair:6   | Mangled by a rockslime

Illustrated notes

Levels and vault maps discovered:
D:1:      dpeg_arrival_central, layout_basic,
          hellmonk_ecumenical_altar_arch_garden
D:2:      layout_rooms, basic_altar, serial_shops, nicolae_square_shop,
          minmay_pentomino_pile
D:3:      layout_basic, gammafunk_ghost_stat_death
D:4:      layout_loops_ring, minmay_temple_entry_stoned_glass
D:5:      layout_loops_cross, gammafunk_ghost_arena
D:6:      layout_basic, serial_shops, shop
D:7:      layout_loops_cross, mainiacjoe_overflow_small_starburst, serial_shops,
          nicolae_shop_hallway_plus
D:8:      minmay_statue_hallways, layout_cave_pools, erik_lair_orcish_takeover,
          feat_on_display
Temple:   nicolae_temple_the_god_donut
Lair:1:   layout_gridlike, chequers_serial_rivers_micro_d, uniq_maggie
Lair:2:   layout_gridlike, grunt_megastairs_1, infiniplex_staircase_pool
Lair:3:   layout_layer_cave, dummy_snake_entry, gammafunk_ghost_cemetery
Lair:4:   hangedman_what_comes_after_a, layout_long_grid,
          palyth_hydra_swamp_entry, st_stairs_5, lookout_lair_type,
          chequers_serial_rivers_small_a, chequers_serial_rivers_small_a,
          infiniplex_staircase_pool_2, uniq_urug
Lair:5:   layout_cave_pods, nzn_ghost_randoct, minivault_23, forest_entry_grove
Lair:6:   minmay_lair_end_enchanted_forest, layout_gridlike,
          nicolae_slime_entry_slimehenge, special_room [special_room_jelly],
          grunt_forest_small_clearing_treed

Skill      XL: |  1  2  3  4  5  6  7  8  9 10 11 12 13 14 |
---------------+-------------------------------------------+-----
Stealth        | 3 4 5 6 7 8 9 |  9.0
Fire Magic     | 4 5 6 7 8 9 10 11 | 11.2
Conjurations   | 2 3 4 6 7 9 10 11 | 11.1
Spellcasting   | 3 4 5 7 9 10 11 12 | 12.2
Short Blades   | 1 2 3 4 |  4.0
Fighting       | 1 2 3 |  3.4
Hexes          | 1 2 3 |  3.8
Invocations    | 2 3 4 6 |  6.0
Dodging        | 3 4 |  4.9
Air Magic      | 2 4 5 |  5.3
Shields        | 4 5 |  5.4
Ice Magic      | 2 3 |  3.0
Throwing       | |  0.1

Action                   |  1- 3 |  4- 6 |  7- 9 | 10-12 | 13-15 || total
-------------------------+-------+-------+-------+-------+-------++-------
Melee: Dagger            |    20 |    35 |    19 |    41 |    42 ||   157
       Constrict         |     5 |     5 |     4 |     6 |     8 ||    28
       Tentacles         |     2 |     2 |     5 |     8 |    11 ||    28
Throw: Dart              |       |       |       |     2 |     1 ||     3
 Cast: Foxfire           |    43 |   106 |   141 |   167 |   224 ||   681
       Conjure Flame     |       |     1 |     4 |     6 |     3 ||    14
       Inner Flame       |       |       |    12 |    13 |    14 ||    39
       Scorch            |       |       |     3 |     3 |     1 ||     7
       Flame Wave        |       |       |     7 |    36 |    38 ||    81
       Swiftness         |       |       |       |     1 |       ||     1
       Airstrike         |       |       |       |     1 |       ||     1
       Hailstorm         |       |       |       |       |     5 ||     5
Invok: Channel Magic     |       |       |       |       |     1 ||     1
  Use: Scroll            |       |     6 |    13 |     7 |     6 ||    32
       Potion            |       |       |       |     3 |     5 ||     8
 Stab: Sleeping          |     6 |    12 |     4 |     9 |     3 ||    34
Armor: Skin              |     1 |     2 |     4 |    15 |    21 ||    43
Dodge: Dodged            |    12 |    25 |    39 |    57 |    62 ||   195
Block: Buckler           |       |       |       |    12 |    25 ||    37

Table legend: (Time is in decaauts)
 A = Elapsed time spent in this place.
 B = Non-inter-level travel time spent in this place.
 C = Inter-level travel time spent in this place.
 D = Time resting spent in this place.
 E = Time spent auto-exploring this place.
 F = Levels seen in this place.
 G = Mean time per level.
                   A        B        C        D        E       F      G
               +--------+--------+--------+--------+--------+-----+--------+
         Total |  18031 |  17554 |    477 |   1763 |  11969 |  15 | 1202.1 |
       Dungeon |   9365 |   9004 |    361 |    568 |   6322 |   8 | 1170.6 |
        Temple |     12 |     12 |      0 |      0 |      0 |   1 |   12.0 |
          Lair |   8653 |   8537 |    116 |   1195 |   5647 |   6 | 1442.2 |
               +--------+--------+--------+--------+--------+-----+--------+

Top non-repeatable levels by time:
  Lair:4: 2581 daAuts
     D:6: 1862 daAuts
  Lair:5: 1479 daAuts
     D:1: 1451 daAuts
  Lair:1: 1389 daAuts
  Lair:2: 1348 daAuts
     D:5: 1270 daAuts
  Lair:3: 1101 daAuts
     D:7: 1073 daAuts
     D:3: 1024 daAuts
     D:8: 1017 daAuts
     D:4: 876 daAuts
     D:2: 789 daAuts
  Lair:6: 753 daAuts
  Temple: 12 daAuts
